 Dungeon Crawl Stone Soup version 0.30.0-15-g856e2d3f33 (webtiles) character file.

Game seed: 5088663275500812061

1488 qw the Cleaver (level 8, 0/51 HPs)
             Began as a Gargoyle Cinder Acolyte on May 18, 2023.
             Was a Priest of Ignis.
             Blown up by Maggie (20 damage)
             ... with a mindburst bolt
             ... on level 6 of the Dungeon.
             The game lasted 00:02:39 (4904 turns).

qw the Cleaver (Gargoyle Cinder Acolyte)            Turns: 4904, Time: 00:02:40

Health: 0/51       AC: 31    Str: 25    XL:     8   Next: 80%
Magic:  9/9        EV:  8    Int: 16    God:    Ignis [***...]
Gold:   233        SH:  3    Dex:  5    Spells: 9/9 levels left

rFire   + . .        Y - +1 hand axe (protect)
rCold   . . .        o - +0 buckler
rNeg    + . .        r - +0 chain mail
rPois   inf          k - +0 helmet
rElec   +            (no cloak)
rCorr   .            m - +0 pair of gloves
SInv    .            (no boots)
Will    .....        j - amulet of regeneration Stlth
                     b - +6 ring of strength
HPRegen 1.08/turn    (no ring)
MPRegen 0.11/turn

%: no passive effects
@: under a protective aura, fiery-armoured, mesmerised
A: sickness immunity, AC +5, negative energy resistance 1, electricity
resistance, torment resistance 1, petrification resistance
a: Renounce Religion, Fiery Armour, Foxfire Swarm, Rising Flame


You were on level 6 of the Dungeon.
You worshipped Ignis.
Ignis was most pleased with you.
You visited 1 branch of the dungeon, and saw 6 of its levels.

You collected 233 gold pieces.


Innate Abilities, Weirdness & Mutations

You are immune to sickness and miasma.
Your stone body is resilient. (AC +5)
You are immune to poison.
You resist negative energy. (rN+)
You are resistant to electric shocks. (rElec)
You are resistant to unholy torment.
You are immune to petrification.


   Skills:
 + Level 5.7 Fighting
 - Level 8.0 Axes
 - Level 4.3 Armour
 - Level 3.1 Shields
 - Level 1.0 Spellcasting
 - Level 3.0 Fire Magic


You had 9 spell levels left.
You didn't know any spells.
Your spell library contained the following spells:

 Spells                   Type           Power      Damage    Failure   Level
 Scorch                   Fire           20%        2d6       52%         2

Inventory:

Hand Weapons
 n - a +0 whip
 Y - a +1 hand axe of protection (weapon)
Armour
 k - a +0 helmet (worn)
 m - a +0 pair of gloves (worn)
 o - a +0 buckler (worn)
 r - a +0 chain mail (worn)
Jewellery
 a - a ring of ice
 b - a +6 ring of strength (left hand)
 e - a +4 ring of protection
 j - an amulet of regeneration (around neck)
Scrolls
 l - 2 scrolls of teleportation
 q - 3 scrolls of identify
Potions
 c - a potion of cancellation
 d - a potion of curing
 f - a potion of heal wounds
 i - a potion of haste
 p - a potion of mutation {unknown}
 t - a potion of attraction {unknown}

Dungeon Overview and Level Annotations

Branches:
Dungeon (6/15)             Temple (0/1) D:5

Altars:
Cheibriados
Gozag
Nemelex Xobeh

Shops:
D:1 [[*

Annotations:
D:6 Maggie


Message History

Maggie gestures wildly while chanting.
Maggie attempts to bespell you!
You are mesmerised by Maggie!
You hit Maggie but do no damage.
Your weapon exudes an aura of protection.
Maggie barely misses you.
You hit Maggie.
Maggie is lightly wounded.
Maggie zaps a wand.
Your mind is blasted!
You slash Maggie!
Maggie is moderately wounded.
Maggie hits you with a +1 halberd of pain!
You writhe in agony.
You hit Maggie but do no damage.
Maggie is moderately wounded.
Maggie hits you but does no damage.
You writhe in agony.
You hit Maggie but do no damage.
Maggie is moderately wounded.
Maggie casts a spell.
Maggie draws you further into her thrall.
You hit Maggie.
Maggie is moderately wounded.
You hit Maggie but do no damage.
Maggie is moderately wounded.
Maggie gestures at you while chanting. The bolt of fire hits you. You resist.
You barely miss Maggie.
Maggie is moderately wounded.
Maggie hits you with a +1 halberd of pain!
You writhe in agony.
4902 ||| INVOKING Fiery Armour.
A protective cloak of flame settles atop you.
Maggie zaps a wand.
Your mind is blasted!
You hit Maggie.
Maggie is moderately wounded.
You block Maggie's attack.
You barely miss Maggie.
Maggie is moderately wounded.
Maggie zaps a wand.
Your mind is blasted!
You die...

..#.##............. #.#
..#.######+###..## #.#
#..#.# ... #.# #..#.#
#.# #.# .....# ... #.#
[....# #########.####
#.#
.....#..............###
#.# ........
......@......# #.#
....##### ###...@...#
#.# .........
..#.##.#### #..
..####### #.#.##.# ###
#..#### #.#.##.#
##....#####.#.##.#
.........##.#....#
.........##....###
.........##...##
.........##.#.#


You could see Maggie (mesmerising).

Vanquished Creatures
  A steam dragon (D:4)
  Menkaure (D:5)
  2 water moccasins
  An ice beast (D:6)
  An ogre (D:6)
  2 black bears
  A phantom (D:4)
  3 scorpions (D:5)
  3 hounds
  An orc priest (D:5)
  A sleepcap (D:5)
  2 iguanas (D:5)
  An orc wizard (D:3)
  Robin (D:4)
  8 adders
  5 dart slugs
  8 orcs
  9 endoplasms
  3 giant cockroaches
  7 hobgoblins
  4 jackals (D:1)
  6 kobolds
  4 quokkas
  11 ball pythons
  5 bats
  7 frilled lizards
  20 goblins
  5 rats
123 creatures vanquished.

Notes
Turn   | Place    | Note
-------+----------+-------------------------------------------
     0 | D:1      | qw the Gargoyle Cinder Acolyte began the quest for the Orb.
     0 | D:1      | Reached XP level 1. HP: 14/14 MP: 2/2
     0 | D:1      | 0 ||| qw: Version: 0.2-a-95-gc95f03d
     0 | D:1      | 0 ||| qw: Game counter: 31
     0 | D:1      | 0 ||| qw: Always use a shield: true
     0 | D:1      | 0 ||| qw: God list: Okawaru
     0 | D:1      | 0 ||| qw: Allow faded altars: false
     0 | D:1      | 0 ||| qw: Do Orc after D:15 true
     0 | D:1      | 0 ||| qw: Do second Lair branch before Depths: true
     0 | D:1      | 0 ||| qw: Lair rune preference: random
     0 | D:1      | 0 ||| qw: Plans: Normal
     0 | D:1      | 0 ||| PLANNING D:1-11
   141 | D:1      | Reached skill level 3 in Axes
   167 | D:1      | Found Raali's Assorted Antiques.
   176 | D:1      | 176 ||| SHOPLISTING dark potion (25 gold, have 19).
   176 | D:1      | 176 ||| SHOPLISTING long wooden wand (112 gold, have 19).
   176 | D:1      | 176 ||| SHOPLISTING metallic sapphire potion (25 gold, have
                  | 19).
   176 | D:1      | 176 ||| SHOPLISTING scroll labelled FORAHEI BEHU (28 gold,
                  | have 19).
   176 | D:1      | 176 ||| SHOPLISTING warped steel ring (140 gold, have 19).
   272 | D:1      | Reached XP level 2. HP: 19/19 MP: 3/3
   571 | D:1      | Found Seorch's Antique Armour Shoppe.
   620 | D:1      | 620 ||| SHOPLISTING ancient helmet (209 gold, have 33).
   620 | D:1      | 620 ||| SHOPLISTING chain mail (99 gold, have 33).
   620 | D:1      | 620 ||| SHOPLISTING cloak (99 gold, have 33).
   620 | D:1      | 620 ||| SHOPLISTING glowing plate armour (572 gold, have
                  | 33).
   620 | D:1      | 620 ||| SHOPLISTING shiny ring mail (154 gold, have 33).
   683 | D:1      | 683 ||| Stepping ~*~*~tactically~*~*~ (stealth).
   703 | D:1      | Reached XP level 3. HP: 17/23 MP: 4/4
   738 | D:1      | Found Fuaneur's Armour Shoppe.
   747 | D:1      | 747 ||| SHOPLISTING +0 plate armour (322 gold, have 37).
   747 | D:1      | 747 ||| SHOPLISTING +2 ring mail of cold resistance (294
                  | gold, have 37).
   977 | D:1      | 977 ||| UPGRADING to +0 leather armour.
   987 | D:1      | 987 ||| DROPPING +0 robe.
   988 | D:1      | 988 ||| UPGRADING to +0 scale mail.
   998 | D:1      | 998 ||| DROPPING +0 leather armour.
   999 | D:1      | 999 ||| UPGRADING to +0 pair of gloves.
  1004 | D:1      | 1004 ||| UPGRADING to amulet of regeneration.
  1009 | D:1      | 1009 ||| READING scroll labelled GUSHEM BOITENE.
  1010 | D:1      | 1010 ||| READING scroll labelled QUPRUSE OREGI.
  1011 | D:1      | 1011 ||| READING scroll labelled QINTYL ROJY.
  1012 | D:1      | 1012 ||| READING 2 scrolls labelled JUELIY PUREORY.
  1092 | D:2      | 1092 ||| Stepping ~*~*~tactically~*~*~ (stealth).
  1112 | D:2      | Reached skill level 1 in Armour
  1307 | D:2      | 1307 ||| INVOKING Fiery Armour.
  1311 | D:2      | Reached skill level 4 in Axes
  1372 | D:2      | Reached XP level 4. HP: 28/28 MP: 5/5
  1585 | D:2      | 1585 ||| DROPPING amulet of guardian spirit.
  1586 | D:2      | 1586 ||| READING scroll labelled ZACADIGEUX.
  1863 | D:3      | 1863 ||| Stepping ~*~*~tactically~*~*~ (hiding).
  2436 | D:3      | Reached skill level 5 in Axes
  2436 | D:3      | Reached XP level 5. HP: 32/32 MP: 6/6
  2626 | D:3      | 2626 ||| UPGRADING to +0 buckler.
  2631 | D:3      | 2631 ||| UPGRADING to +6 ring of strength.
  2632 | D:3      | 2632 ||| READING scroll labelled PABLIMI XETYBU.
  2698 | D:4      | Noticed a black bear
  2699 | D:4      | 2699 ||| INVOKING Fiery Armour.
  2699 | D:4      | Noticed Robin
  2705 | D:4      | Killed a black bear
  2706 | D:4      | Reached skill level 3 in Shields
  2706 | D:4      | Reached XP level 6. HP: 37/37 MP: 7/7
  2711 | D:4      | Killed Robin
  2884 | D:4      | Noticed a water moccasin
  2899 | D:4      | 2899 ||| INVOKING Fiery Armour.
  2901 | D:4      | Killed a water moccasin
  2995 | D:4      | Reached skill level 6 in Axes
  2995 | D:4      | Reached XP level 7. HP: 43/43 MP: 8/8
  3040 | D:4      | 3040 ||| Stepping ~*~*~tactically~*~*~ (stealth).
  3042 | D:4      | 3042 ||| Stepping ~*~*~tactically~*~*~ (stealth).
  3110 | D:4      | Noticed a steam dragon
  3111 | D:4      | 3111 ||| Stepping ~*~*~tactically~*~*~ (hiding).
  3135 | D:4      | 3135 ||| INVOKING Fiery Armour.
  3138 | D:4      | Killed a steam dragon
  3139 | D:4      | Reached skill level 3 in Armour
  3207 | D:4      | 3207 ||| Stepping ~*~*~tactically~*~*~ (stealth).
  3208 | D:4      | 3208 ||| Stepping ~*~*~tactically~*~*~ (stealth).
  3443 | D:4      | 3443 ||| UPGRADING to +0 helmet.
  3448 | D:4      | 3448 ||| READING scroll labelled XIEHE FALAKHLOT.
  3449 | D:4      | 3449 ||| READING scroll labelled AROKHIR CUVUWN.
  3450 | D:4      | 3450 ||| DRINKING 2 metallic sapphire potions.
  3451 | D:4      | 3451 ||| DRINKING 2 inky potions.
  3452 | D:4      | 3452 ||| DRINKING 2 amethyst potions.
  3453 | D:4      | 3453 ||| READING 3 scrolls of identify.
  3453 | D:4      | 3453 ||| IDENTIFYING brown potion
  3454 | D:4      | 3454 ||| READING 2 scrolls of identify.
  3454 | D:4      | 3454 ||| IDENTIFYING yellow potion
  3455 | D:4      | 3455 ||| DROPPING potion of brilliance.
  3463 | D:5      | Entered Level 5 of the Dungeon
  3661 | D:5      | 3661 ||| Stepping ~*~*~tactically~*~*~ (hiding).
  3667 | D:5      | Found a snail-covered altar of Cheibriados.
  3763 | D:5      | 3763 ||| SWAPPING to +1 hand axe of flaming.
  3764 | D:5      | 3764 ||| DROPPING +0 hand axe of flaming.
  3820 | D:5      | Reached skill level 7 in Axes
  3820 | D:5      | Reached XP level 8. HP: 48/48 MP: 9/9
  3996 | D:5      | Found a staircase to the Ecumenical Temple.
  3997 | D:5      | 3997 ||| Stepping ~*~*~tactically~*~*~ (hiding).
  4066 | D:5      | Found an opulent altar of Gozag.
  4166 | D:5      | Noticed Menkaure
  4172 | D:5      | 4172 ||| INVOKING Fiery Armour.
  4174 | D:5      | Killed Menkaure
  4399 | D:5      | 4399 ||| UPGRADING to +0 chain mail.
  4409 | D:5      | 4409 ||| DROPPING +0 scale mail.
  4410 | D:5      | 4410 ||| READING scroll labelled HUNUF OCEIZO.
  4466 | D:5      | 4466 ||| DROPPING +0 club.
  4467 | D:5      | 4467 ||| READING scroll labelled KEDOEN ENGO.
  4468 | D:5      | 4468 ||| DRINKING 2 bubbling amethyst potions.
  4573 | D:5      | 4573 ||| READING 2 scrolls of identify.
  4573 | D:5      | 4573 ||| IDENTIFYING metallic silvery potion
  4574 | D:5      | 4574 ||| DROPPING potion of degeneration.
  4575 | D:5      | 4575 ||| DROPPING potion of berserk rage.
  4705 | D:6      | Found a sparkling altar of Nemelex Xobeh.
  4765 | D:6      | Reached skill level 8 in Axes
  4804 | D:6      | 4804 ||| Stepping ~*~*~tactically~*~*~ (stealth).
  4886 | D:6      | Noticed Maggie
  4887 | D:6      | 4887 ||| Stepping ~*~*~tactically~*~*~ (hiding).
  4902 | D:6      | 4902 ||| INVOKING Fiery Armour.
  4904 | D:6      | Blown up by Maggie

Levels and vault maps discovered:
D:1:      minmay_arrival_widening_spiral_wide, layout_loops_ring, serial_shops,
          shop, nicolae_shop_tiny_statue_garden, nicolae_shop_dealshenge
D:2:      layout_basic
D:3:      layout_loops_corners, serial_park_tiny_pond
D:4:      layout_gridville, serial_forest, infiniplex_forest_side_room,
          infiniplex_forest_straight_1, infiniplex_forest_clump_tiny,
          infiniplex_forest_straight_2, infiniplex_forest_lined_room_2,
          infiniplex_forest_clump_medium, infiniplex_forest_lined_room_3,
          minmay_cupped, uniq_robin
D:5:      layout_basic, grunt_gozag_statues, kennysheep_slug_shrine,
          minmay_temple_entry_proselytizer, uniq_menkaure
D:6:      layout_basic, lemuel_coloured_pillars_altar,
          nicolae_overflow_hidden_temple, old_standard_altar, sigmund_army,
          uniq_maggie

Skill      XL: |  1  2  3  4  5  6  7  8 |
---------------+-------------------------+-----
Axes           | 3 4 5 6 7 8 |  8.0
Armour         | 1 3 4 |  4.3
Shields        | 3 |  3.1
Fighting       | 4 5 |  5.7
Spellcasting   | |  1.0
Fire Magic     | |  3.0

Action                     |  1- 3 |  4- 6 |  7- 9 || total
---------------------------+-------+-------+-------++-------
  Melee: Hand axe          |   122 |   184 |   183 ||   489
         Punch             |       |     2 |       ||     2
  Throw: Boomerang         |       |     5 |       ||     5
 Invoke: Fiery Armour      |     1 |     2 |     3 ||     6
    Use: Scroll            |     4 |     2 |     7 ||    13
         Potion            |       |       |     4 ||     4
 Armour: Robe              |    27 |       |       ||    27
         Scale mail        |    20 |   135 |    50 ||   205
         Chain mail        |       |       |    39 ||    39
  Dodge: Dodged            |    67 |   101 |    62 ||   230
  Block: Buckler           |       |     6 |    18 ||    24

Table legend:
 A = Non-vault XP
 B = Vault XP
 C = Vault XP percentage of total XP
 D = Non-vault monster count
 E = Vault monster count
 F = Vault count percentage of total count
                 A         B        C        D         E       F
            +---------+---------+-------+---------+---------+-------
      Total |    1678 |     449 |  21.1 |     104 |      19 |  15.4
            +---------+---------+-------+---------+---------+-------
        D:1 |      42 |       0 |   0.0 |      26 |       0 |   0.0
        D:2 |      42 |       0 |   0.0 |      20 |       0 |   0.0
        D:3 |     113 |       0 |   0.0 |      24 |       0 |   0.0
        D:4 |     480 |     232 |  32.6 |      18 |      16 |  47.1
        D:5 |     559 |     217 |  28.0 |      11 |       3 |  21.4
        D:6 |     442 |       0 |   0.0 |       5 |       0 |   0.0
            +---------+---------+-------+---------+---------+-------
